 Dungeon Crawl Stone Soup version 0.32-a0-392-gb00f77f (webtiles) character file.

Game seed: 2979839659377667453

152 Dorkslayer the Ruffian (level 5, 0/36 HPs)
             Began as an Octopode Fighter on Feb 19, 2024.
             Slain by an orc wizard
             ... wielding a +0 dagger
              (4 damage)
             ... on level 3 of the Dungeon.
             The game lasted 00:04:18 (1917 turns).

Dorkslayer the Ruffian (Octopode Fighter)           Turns: 1917, Time: 00:04:18

Health: 0/36       AC:  1    Str: 17    XL:     5   Next: 34%
Magic:  5/5        EV: 13    Int: 10    God:
Gold:   105        SH:  4    Dex: 12    Spells: 4/4 levels left

rFire   . .          .
                       - Unarmed
rCold   . . .        a - +0 buckler
rNeg    . . .        (helmet restricted)
rPois   .            (no amulet)
rElec   .            f - ring of wizardry
rCorr   .            (no ring)
SInv    .            (no ring)
Will    .....        (no ring)
Stlth   +++          (no ring)
HPRegen 0.26/turn    (no ring)
MPRegen 0.09/turn    (no ring)
                     (no ring)

%: wizardry (x1)
@: mighty
A: almost no armour, amphibious, 8 rings, camouflage 1, gelatinous body 1,
(nimble swimmer 1), tentacles
a: no special abilities


You were on level 3 of the Dungeon.
You visited 1 branch of the dungeon, and saw 3 of its levels.

You collected 105 gold pieces.

Inventory:

Armour
 a - a +0 buckler (worn)
Jewellery
 f - a ring of wizardry (left tentacle)
Wands
 h - a wand of quicksilver (12)
 i - a wand of mindburst (20)
Scrolls
 c - a scroll of fog
 d - a scroll of amnesia {unknown}
 e - 3 scrolls of teleportation {unknown}
Potions
 j - a potion of ambrosia {unknown}


   Skills:
 + Level 3.4 Fighting
 + Level 3.7 Dodging
 + Level 2.0 Stealth
 + Level 3.4 Shields
 * Level 3.8 Unarmed Combat
 * Level 0.2 Evocations


You had 4 spell levels left.
You didn't know any spells.
Your spell library was empty.

Dungeon Overview and Level Annotations

Branches:
Dungeon (3/15)

Altars:
Sif Muna
Uskayaw


Innate Abilities, Weirdness & Mutations

You cannot wear most types of armour.
You are amphibious.
You can wear up to eight rings at the same time.
Your skin changes colour to match your surroundings (Stealth+).
Your rubbery body absorbs attacks. (AC +1, EV +1)
((You are camouflaged when in or above water. (Stealth+)))
You have tentacles for arms and can constrict up to eight enemies at once.


Message History

You see here a +0 ring mail.
The ball python enters a dispersal trap!
The ball python blinks!
The orc blinks!
The orc wizard blinks!
You blink.
The orc hits you with a +0 hand axe! The orc barely misses you.
You tentacle-slap something.
You feel less confused. The orc hits you with a +0 hand axe!
Something hits you.
You tentacle-slap something. Your squeeze misses something.
The orc closely misses you. You block the orc's attack.
Something barely misses you.
You barely miss the orc wizard. Your grab misses the orc wizard.
The orc barely misses you.
The orc wizard hits you with a +0 dagger.
Something barely misses you. The orc misses you.
You tentacle-slap the orc. Your grab misses the orc.
The orc is lightly wounded.
The orc wizard gestures wildly while chanting.
The orc wizard flickers and vanishes!
Something hits you.
* * * LOW HITPOINT WARNING * * *
The orc hits you with a +0 hand axe.
* * * LOW HITPOINT WARNING * * *
You feel better. Something barely misses you. The orc closely misses you.
Something hits you.
* * * LOW HITPOINT WARNING * * *
The orc barely misses you.
You feel very mighty all of a sudden. Something hits you.
* * * LOW HITPOINT WARNING * * *
You hear some strange, mumbled words.
Something tries to affect you, but you resist.
The orc misses you. The orc hits you but does no damage.
Okay, then.
You tentacle-slap the orc. Your grab misses the orc.
Your squeeze misses the orc.
The orc is severely wounded.
Something hits you.
* * * LOW HITPOINT WARNING * * *
Something hits you.
You die...

#.........#.#
#+.........#.#
.............#
#............#
#..#####....>#
#####...## #.#####
#........# #.####
#.{...P..# #....#
#@o...P..# ####.#
#{oS..P..# #.#
#S....P..# #.#
#.[..[...######.#
#.ยง..........'......#
....o.#.....#..########
..o...#.....#..# ..S.o
#.....#..# .....
#####.#.##


You could see 2 orcs and 2 ball pythons.

Vanquished Creatures
  7 adders (D:2)
  A dart slug (D:2)
  5 bats (D:1)
  2 endoplasms
  8 goblins
  8 hobgoblins
  3 quokkas
  4 ball pythons
  2 frilled lizards
  6 kobolds
  5 rats
51 creatures vanquished.

Notes
Turn   | Place    | Note
-------+----------+-------------------------------------------
     0 | D:1      | Dorkslayer the Octopode Fighter began the quest for the
                  | Orb.
     0 | D:1      | Reached XP level 1. HP: 16/16 MP: 1/1
   185 | D:1      | Reached XP level 2. HP: 21/21 MP: 2/2
   341 | D:1      | Reached XP level 3. HP: 19/26 MP: 3/3
  1087 | D:2      | Reached XP level 4. HP: 29/31 MP: 4/4
  1326 | D:2      | Reached skill level 1 in Stealth
  1512 | D:2      | Found a shimmering blue altar of Sif Muna.
  1527 | D:2      | Reached XP level 5. HP: 35/36 MP: 5/5
  1891 | D:3      | Found a hide-covered altar of Uskayaw.
  1917 | D:3      | Slain by an orc wizard

Illustrated notes

Levels and vault maps discovered:
D:1:      ncdulo_wetmaze, layout_basic, corner_web_ring
D:2:      layout_loops_ring, basic_altar, minivault_23, minmay_tetromino_i4
D:3:      layout_basic, amcnicky_altar_gilded, mainiacjoe_overflow_boulevard,
          nicolae_ru_great_annihilating_truth

Skill      XL: |  1  2  3  4  5 |
---------------+----------------+-----
Unarmed Combat | 3 |  3.8
Stealth        | 1 2 |  2.0
Fighting       | |  3.4
Dodging        | |  3.7
Shields        | |  3.4
Evocations     | |  0.2

Action                     |  1- 3 |  4- 6 || total
---------------------------+-------+-------++-------
  Melee: Unarmed           |    64 |    60 ||   124
         Constrict         |    13 |    11 ||    24
         Punch             |     2 |     1 ||     3
         Tentacles         |    11 |     9 ||    20
    Use: Scroll            |     1 |     1 ||     2
         Potion            |       |     2 ||     2
   Stab: Sleeping          |     2 |     5 ||     7
 Armour: Skin              |    34 |    30 ||    64
  Dodge: Dodged            |    38 |    37 ||    75
  Block: Buckler           |    21 |    10 ||    31

Table legend: (Time is in decaauts)
 A = Elapsed time spent in this place.
 B = Non-inter-level travel time spent in this place.
 C = Inter-level travel time spent in this place.
 D = Time resting spent in this place.
 E = Time spent auto-exploring this place.
 F = Levels seen in this place.
 G = Mean time per level.
                   A        B        C        D        E       F      G
               +--------+--------+--------+--------+--------+-----+--------+
         Total |   1913 |   1913 |      0 |      0 |   1259 |   3 |  637.7 |
       Dungeon |   1913 |   1913 |      0 |      0 |   1259 |   3 |  637.7 |
               +--------+--------+--------+--------+--------+-----+--------+

Top non-repeatable levels by time:
     D:1: 1054 daAuts
     D:2: 703 daAuts
     D:3: 155 daAuts
